 Dungeon Crawl Stone Soup version 0.32-a0-616-g9348d4545b (webtiles) character file.

Game seed: 5885340579519866331

25608 ezpacito the Cleaver (level 13, -4/101 HPs)
             Began as a Coglin Chaos Knight on Mar 5, 2024.
             Was a Plaything of Xom.
             Shot with an arrow by a centaur warrior (8 damage)
             ... on level 13 of the Dungeon.
             The game lasted 00:25:44 (15273 turns).

ezpacito the Cleaver (Coglin Chaos Knight)         Turns: 15273, Time: 00:25:45

Health: -4/101     AC: 26    Str: 19    XL:     13   Next: 20%
Magic:  10/10      EV: 11    Int: 13    God:    Xom [.....*]
Gold:   356        SH:  0    Dex: 13    Spells: 2/21 levels left

rFire   + + .        P - +5 war axe (chaos) {Santiago}
rCold   . . .        r - +0 war axe "Jegum" {drain, Fly rF++ Will+++ MP-9}
rNeg    + . .        n - +7 chain mail of Ignis's Anger {rN+ Str+2}
rPois   .            c - +0 helmet
rElec   .            k - +0 cloak
rCorr   .            O - +0 pair of gloves
SInv    .            H - +2 pair of boots
Will    +++..        (amulet unavailable) Stlth
                     (ring unavailable)
HPRegen 0.36/turn    (ring unavailable)
MPRegen 0.12/turn    (no gizmo)

%: clarity
@: lethally poisoned (-4 -> -21), about to teleport, flying, slowed, very slow
A: off-hand wielding, slow wielding, warmup strikes, no jewellery, clarity,
shaggy fur 1, evolution 1
a: Invent Gizmo, Renounce Religion


You were on level 13 of the Dungeon.
You worshipped Xom.
You were Xom's teddy bear.
You visited 2 branches of the dungeon, and saw 14 of its levels.
You also visited: Ossuary.

You collected 987 gold pieces.
You spent 631 gold pieces at shops.

Inventory:

Hand Weapons
 r - the +0 war axe "Jegum" (offhand) {drain, Fly rF++ Will+++ MP-9}
   (You found it on level 4 of the Dungeon)

   rF++:      It greatly protects you from fire.
   Will+++:   It greatly increases your willpower.
   MP-9:      It affects your magic capacity (-9).
   Fly:       It grants you flight.
 v - a +0 quick blade of freezing
 P - a +5 war axe of chaos (weapon) {Santiago}
 Q - a +0 triple sword
Missiles
 u - 13 boomerangs
 C - 2 atropa-tipped darts
 F - 34 poisoned darts (quivered)
 G - a throwing net
 M - 6 javelins
Armour
 c - a +0 helmet (worn)
 h - a +0 plate armour
 k - a +0 cloak (worn)
 n - the +7 chain mail of Ignis's Anger (worn) {rN+ Str+2}
   (You bought it in a shop on level 6 of the Dungeon)

   Str+2:     It affects your strength (+2).
   rN+:       It protects you from negative energy.
 o - +0 acid dragon scales
 H - a +2 pair of boots (worn)
 O - a +0 pair of gloves (worn)
Magical Staves
 f - a staff of fire
 w - a staff of death
Talismans
 a - a flux talisman
 d - a dragon-blood talisman
 I - a blade talisman
 J - a serpent talisman
Wands
 y - a wand of iceblast (14)
 E - a wand of charming (9)
 K - a wand of flame (21)
Scrolls
 b - 7 scrolls of amnesia
 e - 2 scrolls of noise
 j - a scroll of vulnerability
 t - 4 scrolls of teleportation
 z - a scroll of revelation
 D - 3 scrolls of enchant armour
Potions
 g - 2 potions of magic
 m - 5 potions of enlightenment
 s - a potion of brilliance
 x - a potion of berserk rage {unknown}
 A - 2 potions of mutation
Miscellaneous
 p - a box of beasts (inert)
 N - a lightning rod (inert)


   Skills:
 * Level 9.2 Fighting
 * Level 9.3(10.1) Axes
 + Level 5.4(7.7) Polearms
 * Level 8.1 Armour
 * Level 7.9 Dodging
 + Level 5.3 Stealth
 + Level 4.5 Spellcasting
 + Level 2.8 Summonings
 + Level 2.6 Necromancy
 + Level 1.7 Translocations
 + Level 6.1 Alchemy
 + Level 7.4 Evocations


You had 2 spell levels left.
You knew the following spells:

 Your Spells              Type           Power      Damage    Failure   Level
a - Sting                 Conj/Alch      40%        1d5       36%         1
b - Necrotise             Necr           36%        1d5       41%         1
c - Call Imp              Summ           20%        N/A       52%         2
d - Magic Dart            Conj           8%         1d3       78%         1
e - Mercury Vapours       Alch/Air       20%        N/A       50%         2
f - Vampiric Draining     Necr           9%         2d6       78%         3
g - Summon Blazeheart Go  Fire/Summ      6%         N/A       100%        4
h - Blink                 Tloc           14%        N/A       67%         2
x - Mephitic Cloud        Conj/Alch/Air  8%         N/A       86%         3

Your spell library contained the following spells:

 Spells                   Type           Power      Damage    Failure   Level
 Summon Small Mammal      Summ           40%        N/A       38%         1
 Apportation              Tloc           14%        N/A       54%         1
 Sublimation of Blood     Necr           9%         N/A       54%         2
 Lesser Beckoning         Tloc           14%        N/A       67%         2
 Slow                     Hex            8%         N/A       78%         1
 Call Canine Familiar     Summ           10%        N/A       77%         3
 Gell's Gravitas          Tloc           7%         N/A       88%         3
 Teleport Other           Tloc           7%         N/A       88%         3
 Alistair's Intoxication  Alch           12%        N/A       96%         5
 Confusing Touch          Hex            2%         N/A       98%         3
 Sigil of Binding         Hex            2%         N/A       98%         3
 Tukima's Dance           Hex            2%         N/A       98%         3
 Dimensional Bullseye     Hex/Tloc       2%         N/A       100%        4
 Iskenderun's Mystic Bla  Conj/Tloc      5%         2d3       100%        4
 Borgnjor's Vile Clutch   Necr/Erth      3%         N/A       100%        5
 Freezing Cloud           Conj/Ice/Air   1%         6-21      100%        5
 Iskenderun's Battlesphe  Conj           2%         2d6       100%        5
 Bombard                  Conj/Erth      1%         9d1       100%        6
 Eringya's Noxious Bog    Alch           9%         4d6       100%        6
 Spellforged Servitor     Conj/Summ      3%         N/A       100%        7
 Summon Hydra             Summ           5%         N/A       100%        7


Dungeon Overview and Level Annotations

Branches:
Dungeon (13/15)            Temple (1/1) D:7            Lair (0/5) D:9
    Orc (0/2) D:11        Ossuary (visited)
 Vaults: D:13-14

Altars:
Ashenzari
Cheibriados
Dithmenos
Elyvilon
Fedhas
Gozag
Hepliaklqana
Kikubaaqudgha
Makhleb
Nemelex Xobeh
Okawaru
Qazlal
Ru
Sif Muna
Trog
Uskayaw
Vehumet
Wu Jian
Xom
Yredelemnul
Zin
The Shining One

Shops:
D:6 *   D:7 :

Portals:
Trove: D:11 (give 5 scrolls of fog)

Annotations:
D:13 Sonja


Innate Abilities, Weirdness & Mutations

You can wield a second weapon in your off-hand.
It takes a long time for you to wield or remove held weapons.
Your first few attacks do less damage.
You cannot equip rings or amulets.
You possess an exceptional clarity of mind.
You are covered in fur. (AC +1)
You have hidden genetic potential.


Message History

You feel strangely unstable.
You feel very sick.
The two-headed ogre shouts in stereo!
You hear a shout!
The centaur unwields a +0 orcbow.
The centaur hits you but does no damage.
The centaur misses you.
The centaur warrior wields a +0 shortbow.
The centaur warrior shoots an arrow.
The arrow hits you!
The centaur unwields a +0 shortbow.
The centaur hits you but does no damage.
The centaur closely misses you.
The centaur hits you but does no damage.
The centaur kicks you.
* * * LOW HITPOINT WARNING * * *
You take 18 damage, and have 30/101 hp.
A centaur warrior comes into view.
You feel very sick.
The centaur warrior shouts!
The centaur warrior shoots an arrow.
The arrow hits you!
* * * LOW HITPOINT WARNING * * *
The centaur hits you but does no damage.
The centaur kicks you.
* * * LOW HITPOINT WARNING * * *
The centaur hits you but does no damage.
The centaur kicks you but does no damage.
Sonja throws a curare-tipped dart.
The curare-tipped dart hits you.
You are lethally poisoned!
You have difficulty breathing.
* * * LOW HITPOINT WARNING * * *
You feel as though you will be slow longer.
The catoblepas breathes a plume of calcifying dust at you.
The blast of calcifying dust hits the centaur.
The blast of calcifying dust hits you but does no damage.
The centaur shoots an arrow.
The arrow closely misses you.
The centaur warrior unwields a +0 shortbow.
The centaur warrior hits you but does no damage.
The centaur warrior kicks you but does no damage.
The centaur warrior shoots an arrow.
The arrow hits you!
You die...
Xom laughs nastily!

. #######'######### *
* . #.............. ,
#..........####### *
.###.................
.....................
###..................
* #.............§§...
.............c§§K....,
'###########c@≈≈§....
, .....Y.c§≈c.... #
.......c.c.O... ##
.........c..)c. '.
............... #
######......... #
#......... #
########.. #


You could see a catoblepas, 3 centaur warriors, a two-headed ogre, Sonja and 5
centaurs.

Vanquished Creatures
  Kirke (D:13)
  Frances (D:12)
  A centaur warrior (D:12)
  3 two-headed ogres
  A boulder beetle (D:12)
  Lodul (D:12)
  2 arcanists (D:13)
  Pikel (D:5)
  A cyclops (D:9)
  A manticore (D:11)
  The ghost of Larett the Chopper, a novice CoGl (D:5)
  4 molten gargoyles (D:12)
  An unseen horror (D:13)
  The ghost of audacious124 the Insei, a novice OpSh of Uskayaw (D:5)
  2 kobold demonologists (D:12)
  A troll (D:9)
  A hornet (D:11)
  Grinder (D:3)
  9 slime creatures (D:12)
  Sigmund (D:2)
  A wyvern (D:7)
  2 shadows (D:9)
  A wraith (D:11)
  5 hogs (D:13)
  15 yaks
  A fire elemental (D:13)
  A warg (D:11)
  A steam dragon (D:8)
  18 vampire mosquitoes
  2 acid dragons
  A water moccasin (D:7)
  4 orc warriors
  A sky beast (D:7)
  A black bear (D:5)
  2 ice beasts (D:5)
  6 ogres
  9 centaurs
  A wolf (D:11)
  2 kobold brigands
  A lemure (D:5)
  A phantom (D:5)
  2 bullfrogs
  Blork the orc (D:4)
  2 scorpions (D:4)
  4 water moccasin zombies (Ossuary)
  4 wights (D:8)
  18 killer bees
  4 electric eels (D:6)
  7 howler monkeys
  A bombardier beetle (D:4)
  7 hounds
  4 jellies
  7 orc priests
  Jessica (D:3)
  An iguana (D:6)
  10 orc wizards
  Natasha (D:3)
  2 crocodile zombies (Ossuary)
  A bullfrog simulacrum (Ossuary)
  A mummy (Ossuary)
  Robin (D:2)
  3 gnolls (D:5)
  6 adders
  A shadow imp (D:7)
  A white imp (D:8)
  4 adder zombies (Ossuary)
  A dart slug (D:3)
  A ribbon worm (D:2)
  23 orcs
  3 bats (D:2)
  9 endoplasms
  A giant cockroach (D:2)
  9 goblins
  8 hobgoblins
  15 kobolds
  2 quokkas
  7 ball pythons
  3 frilled lizards
  6 gnoll zombies (Ossuary)
  3 jackal zombies (Ossuary)
  2 orc zombies (Ossuary)
  4 rats
302 creatures vanquished.

Vanquished Creatures (collateral kills)
  A hydra (D:13)
  Maurice (D:12)
  2 slime creatures (D:12)
  An ogre (D:12)
  A weeping skull (Ossuary)
  2 water moccasin zombies (Ossuary)
  An orc wizard (D:5)
  A mummy (Ossuary)
  An adder zombie (Ossuary)
  3 orcs
  2 gnoll zombies (Ossuary)
  A goblin (D:2)
17 creatures vanquished.

Vanquished Creatures (others)
  A queen bee (shapeshifter) (D:13)
  A slime creature zombie (D:12)
  A human (D:13)
  A vampire mosquito (D:13)
  A lemure (D:5)
  A kobold brigand (D:12)
  2 orc wizards
  3 orcs
  A bat (shapeshifter) (D:6)
  A frilled lizard (D:2)
13 creatures vanquished.

Grand Total: 332 creatures vanquished

Notes
Turn   | Place    | Note
-------+----------+-------------------------------------------
     0 | D:1      | ezpacito the Coglin Chaos Knight began the quest for the
                  | Orb.
     0 | D:1      | Reached XP level 1. HP: 18/18 MP: 1/1
    70 | D:1      | XOM: divination: detect items
   208 | D:1      | Reached skill level 1 in Dodging
   209 | D:1      | XOM: divination: detect items
   211 | D:1      | Reached XP level 2. HP: 15/24 MP: 2/2
   277 | D:1      | XOM: silly message
   738 | D:1      | XOM: divination: magic mapping
  1032 | D:2      | Learned a level 1 spell: Sting
  1213 | D:2      | XOM: destruction
  1220 | D:2      | Reached XP level 3. HP: 29/29 MP: 3/3
  1227 | D:2      | Noticed Robin
  1249 | D:2      | XOM: polymorph hobgoblin -> goblin
  1258 | D:2      | Killed Robin
  1307 | D:2      | XOM: 2-stop teleportation journey
  1334 | D:2      | XOM: cloud trail
  1346 | D:2      | XOM: scenery: summon butterflies
  1455 | D:2      | XOM: scenery: 1 doors open
  1512 | D:2      | Reached skill level 1 in Evocations
  1516 | D:2      | Reached XP level 4. HP: 35/35 MP: 4/4
  1535 | D:2      | Noticed Sigmund
  1539 | D:2      | XOM: fog
  1540 | D:2      | XOM: cast spell 'Discord'
  1548 | D:2      | Killed Sigmund
  1549 | D:2      | Reached skill level 1 in Polearms
  1549 | D:2      | Reached skill level 1 in Stealth
  1549 | D:2      | Reached skill level 1 in Alchemy
  1549 | D:2      | Reached XP level 5. HP: 39/41 MP: 4/6
  1557 | D:2      | XOM: scenery: 2 doors open
  1788 | D:2      | XOM: scenery: 2 doors close
  1885 | D:3      | Reached XP level 6. HP: 47/47 MP: 7/7
  1896 | D:3      | Noticed Grinder
  1897 | D:3      | XOM: confuse monster(s)
  1907 | D:3      | XOM: confusion (+ monsters)
  1912 | D:3      | XOM: divination: detect creatures
  1922 | D:3      | Killed Grinder
  1923 | D:3      | Reached skill level 1 in Spellcasting
  2048 | D:3      | Noticed Jessica
  2054 | D:3      | Killed Jessica
  2055 | D:3      | Reached XP level 7. HP: 50/54 MP: 8/8
  2273 | D:3      | Found a basalt altar of Yredelemnul.
  2276 | D:3      | Found a hazy altar of Hepliaklqana.
  2279 | D:3      | Found a glowing silver altar of Zin.
  2282 | D:3      | Found a sparkling altar of Nemelex Xobeh.
  2347 | D:3      | Found a faded altar of an unknown god.
  2550 | D:3      | XOM: scenery: summon butterflies
  2553 | D:3      | XOM: polymorph butterfly -> queen bee
  2612 | D:3      | Noticed Natasha
  2616 | D:3      | Killed Natasha
  2705 | D:3      | XOM: god gift: quarterstaff {god gift}
  3037 | D:4      | Identified the +0 war axe "Jegum" {drain, Fly rF++ Will+++
                  | MP-9}
  3276 | D:4      | Learned a level 1 spell: Necrotise
  3280 | D:4      | Learned a level 3 spell: Mephitic Cloud
  3283 | D:4      | Learned a level 2 spell: Call Imp
  3285 | D:4      | Learned a level 1 spell: Magic Dart
  3453 | D:4      | XOM: cloud trail
  3574 | D:4      | Noticed Blork the orc
  3578 | D:4      | XOM: butterfly on damage
  3584 | D:4      | Killed Blork the orc
  3585 | D:4      | Reached XP level 8. HP: 47/61 MP: 1/10
  3844 | D:5      | Entered Level 5 of the Dungeon
  3895 | D:5      | XOM: silly message
  3897 | D:5      | XOM: blink monster(s)
  3899 | D:5      | XOM: polymorph gnoll -> hound
  3935 | D:5      | XOM: 3-stop teleportation journey
  4289 | D:5      | Reached skill level 5 in Axes
  4441 | D:5      | XOM: 1-stop teleportation journey
  4519 | D:5      | XOM: give mutations
  4519 | D:5      | Gained mutation: Armour fits poorly on your strangely
                  | shaped body. [Xom's mischief]
  4519 | D:5      | Gained mutation: Your body sometimes deteriorates upon
                  | taking damage. [Xom's mischief]
  4519 | D:5      | Gained mutation: You are robust. (+10% HP) [Xom's mischief]
  4520 | D:5      | Lost mutation: Your body sometimes deteriorates upon taking
                  | damage. [potion of mutation]
  4520 | D:5      | Lost mutation: You are robust. (+10% HP) [potion of
                  | mutation]
  4520 | D:5      | Lost mutation: Armour fits poorly on your strangely shaped
                  | body. [potion of mutation]
  4520 | D:5      | Gained mutation: You are dopey. (Int -2) [potion of
                  | mutation]
  4520 | D:5      | Gained mutation: You are partially covered in large bone
                  | plates. (SH +4) [potion of mutation]
  4568 | D:5      | Reached skill level 5 in Fighting
  4614 | D:5      | Noticed Pikel
  4620 | D:5      | XOM: confusion (+ monsters)
  4629 | D:5      | XOM: polymorph Pikel -> Pikel
  4645 | D:5      | Killed Pikel
  4646 | D:5      | Reached XP level 9. HP: 29/68 MP: 1/12
  4829 | D:5      | Found a runed translucent gate.
  4829 | D:5      | Found a runed translucent gate.
  4829 | D:5      | Found a runed translucent gate.
  4835 | D:5      | Noticed audacious124's ghost (novice OpSh)
  4835 | D:5      | Noticed Larett's ghost (novice CoGl)
  5353 | D:6      | Found Xeoryo Suol's Assorted Antiques.
  5431 | D:6      | Found a sand-covered staircase.
  5437 | Ossuary  | Entered an ossuary
  5473 | Ossuary  | XOM: silly message
  5491 | Ossuary  | XOM: cleaving
  5495 | Ossuary  | XOM: god gift: wand of quicksilver (7)
  5505 | Ossuary  | XOM: enchant monster (good)
  5707 | Ossuary  | XOM: cast spell 'Summon Horrible Things'
  5716 | Ossuary  | Reached skill level 5 in Armour
  5763 | Ossuary  | XOM: 1-stop teleportation journey
  5777 | D:6      | XOM: give mutation
  5777 | D:6      | Gained mutation: You are partially covered in iridescent
                  | scales. (AC +2) [Xom's grace]
  5962 | D:6      | XOM: divination: detect items
  6019 | D:6      | XOM: 4-stop teleportation journey
  6090 | D:6      | a hound changed into a glowing shapeshifter
  6090 | D:6      | Noticed a glowing shapeshifter (glowing shapeshifter)
  6090 | D:6      | XOM: polymorph hound -> glowing shapeshifter
  6090 | D:6      | a glowing shapeshifter changed into a bat
  6091 | D:6      | XOM: polymorph electric eel -> acid dragon
  6564 | D:7      | Found a burning altar of Makhleb.
  6726 | D:7      | Found an opulent altar of Gozag.
  6740 | D:7      | Reached XP level 10. HP: 72/76 MP: 4/13
  6776 | D:7      | XOM: noise
  6778 | D:7      | XOM: give mutations
  6778 | D:7      | Gained mutation: You have hidden genetic potential. [Xom's
                  | mischief]
  6778 | D:7      | Lost mutation: You are partially covered in large bone
                  | plates. (SH +4) [Xom's mischief]
  6778 | D:7      | Gained mutation: Your body sometimes deteriorates upon
                  | taking damage. [Xom's mischief]
  6780 | D:7      | Reached skill level 5 in Dodging
  6864 | D:7      | Found Qathreud's Book Emporium.
  6928 | D:7      | Found a snail-covered altar of Cheibriados.
  6988 | D:7      | XOM: 4-stop teleportation journey
  7012 | D:7      | Found a staircase to the Ecumenical Temple.
  7100 | Temple   | Entered the Ecumenical Temple
  7576 | D:8      | XOM: confusion
  7703 | D:8      | XOM: cast spell 'Animate Armour'
  8041 | D:8      | XOM: potion effect (invisibility)
  8058 | D:8      | Reached skill level 5 in Evocations
  8059 | D:8      | XOM: divination: detect items
  8234 | D:8      | XOM: polymorph killer bee -> kobold
  8713 | D:8      | XOM: 6-stop teleportation journey
  8907 | D:6      | Bought a buzzing chain mail for 247 gold pieces
  8907 | D:6      | Identified the +7 chain mail of Ignis's Anger {rN+ Str+2}
                  | (You bought it in a shop on level 6 of the Dungeon)
  8907 | D:6      | Bought 2 metallic orange potions for 46 gold pieces
  9052 | D:9      | Found a staircase to the Lair.
  9156 | D:9      | XOM: 4-stop teleportation journey
  9174 | D:9      | XOM: 4-stop teleportation journey
  9180 | D:9      | XOM: fog
  9185 | D:9      | XOM: chaos upgrade
  9192 | D:9      | Reached XP level 11. HP: 46/84 MP: 6/15
  9313 | D:9      | XOM: silly message
  9364 | D:9      | XOM: summons 6 hostile demons
  9444 | D:9      | Gained mutation: You expend magic power (3 MP) to
                  | strengthen your wands. [hidden potential]
  9484 | D:9      | Noticed a cyclops
  9491 | D:9      | XOM: chaos cloud
  9492 | D:9      | Killed a cyclops
  9499 | D:9      | XOM: chaos cloud
  9549 | D:9      | XOM: 2-stop teleportation journey
  9635 | D:9      | XOM: give mutations
  9635 | D:9      | Gained mutation: You are robust. (+10% HP) [Xom's mischief]
  9635 | D:9      | Lost mutation: You expend magic power (3 MP) to strengthen
                  | your wands. [Xom's mischief]
  9854 | D:5      | XOM: give mutations
  9854 | D:5      | Gained mutation: Armour fits poorly on your strangely
                  | shaped body. [Xom's mischief]
  9854 | D:5      | Lost mutation: Armour fits poorly on your strangely shaped
                  | body. [Xom's mischief]
  9854 | D:5      | Gained mutation: Your system is resistant to poisons.
                  | (rPois) [Xom's mischief]
 10180 | D:10     | Entered Level 10 of the Dungeon
 10290 | D:10     | Noticed a two-headed ogre
 10294 | D:10     | Killed a two-headed ogre
 10417 | D:10     | XOM: 2-stop teleportation journey
 10771 | D:5      | Killed audacious124's ghost
 10776 | D:5      | Killed Larett's ghost
 10914 | D:10     | Reached skill level 5 in Alchemy
 11429 | D:11     | Found a staircase to the Orcish Mines.
 11710 | D:11     | Noticed a two-headed ogre
 11715 | D:11     | XOM: summons 3 hostile shadow creatures
 11719 | D:11     | Killed a two-headed ogre
 11935 | D:11     | Noticed a manticore
 11941 | D:11     | Killed a manticore
 12049 | D:11     | Learned a level 2 spell: Mercury Vapours
 12053 | D:11     | Learned a level 3 spell: Vampiric Draining
 12058 | D:11     | Learned a level 4 spell: Summon Blazeheart Golem
 12099 | D:11     | Found a portal to a secret trove of treasure.
 12334 | D:12     | Noticed a boulder beetle
 12342 | D:12     | Killed a boulder beetle
 12372 | D:12     | Noticed Lodul
 12374 | D:12     | Noticed Maurice
 12383 | D:12     | XOM: summons 7 friendly demons
 12392 | D:12     | Killed Lodul
 12393 | D:12     | Reached XP level 12. HP: 102/102 MP: 8/17
 12393 | D:12     | Gained mutation: You passively map a small area around you.
                  | [hidden potential]
 12393 | D:12     | Lost mutation: You have hidden genetic potential. [hidden
                  | potential expressed]
 12402 | D:12     | Killed Maurice
 12526 | D:12     | XOM: blink monster(s)
 12527 | D:12     | Reached skill level 1 in Summonings
 12527 | D:12     | Reached skill level 1 in Necromancy
 12624 | D:12     | XOM: silly message
 12817 | D:12     | XOM: confuse monster(s)
 12833 | D:12     | XOM: summons 7 friendly demons
 12845 | D:12     | XOM: scenery: summon butterflies
 12855 | D:12     | Reached skill level 5 in Polearms
 13751 | D:12     | Learned a level 2 spell: Blink
 13771 | D:13     | Noticed a centaur warrior
 13773 | D:13     | Noticed Frances
 14022 | D:12     | Killed a centaur warrior
 14023 | D:12     | Reached skill level 5 in Stealth
 14027 | D:12     | Killed Frances
 14148 | D:12     | XOM: scenery: summon butterflies
 14294 | D:8      | XOM: 5-stop teleportation journey
 14383 | D:6      | Bought a potion of heal wounds for 130 gold pieces
 14383 | D:6      | Bought a potion of mutation for 208 gold pieces
 14479 | D:9      | Lost mutation: Your system is resistant to poisons. (rPois)
                  | [potion of mutation]
 14479 | D:9      | Lost mutation: You are partially covered in iridescent
                  | scales. (AC +2) [potion of mutation]
 14479 | D:9      | Lost mutation: Your body sometimes deteriorates upon taking
                  | damage. [potion of mutation]
 14479 | D:9      | Lost mutation: You are robust. (+10% HP) [potion of
                  | mutation]
 14480 | D:9      | Lost mutation: You are dopey. (Int -2) [potion of mutation]
 14480 | D:9      | Lost mutation: You passively map a small area around you.
                  | [potion of mutation]
 14480 | D:9      | Gained mutation: Potions are less effective at restoring
                  | your health. [potion of mutation]
 14480 | D:9      | Gained mutation: You are partially covered in iridescent
                  | scales. (AC +2) [potion of mutation]
 14481 | D:9      | Lost mutation: Potions are less effective at restoring your
                  | health. [potion of mutation]
 14481 | D:9      | Lost mutation: You are partially covered in iridescent
                  | scales. (AC +2) [potion of mutation]
 14481 | D:9      | Gained mutation: You possess an exceptional clarity of
                  | mind. [potion of mutation]
 14481 | D:9      | Gained mutation: You have hidden genetic potential. [potion
                  | of mutation]
 14481 | D:9      | Gained mutation: You are covered in fur. (AC +1) [potion of
                  | mutation]
 14537 | D:13     | XOM: cleaving
 14540 | D:13     | XOM: confuse monster(s)
 14583 | D:13     | Noticed a two-headed ogre
 14592 | D:13     | XOM: fog
 14596 | D:13     | Killed a two-headed ogre
 14597 | D:13     | Reached skill level 1 in Translocations
 14629 | D:13     | XOM: god gift: shortbow {god gift}
 14748 | D:13     | Noticed Kirke
 14753 | D:13     | Reached XP level 13. HP: 101/101 MP: 10/19
 14756 | D:13     | Killed Kirke
 14821 | D:13     | XOM: god gift: 45 gold pieces
 14887 | D:13     | XOM: 4-stop teleportation journey
 15270 | D:13     | Noticed Sonja
 15273 | D:13     | HP: 4/101 [asphyx]
 15273 | D:13     | Shot with an arrow by a centaur warrior

Illustrated notes

Levels and vault maps discovered:
D:1:      matt_arrival_refuge, layout_loops_cross, serial_forest,
          infiniplex_forest_clump_double, infiniplex_forest_end_2,
          infiniplex_forest_lined_2, infiniplex_forest_lined_2,
          infiniplex_forest_straight_5, infiniplex_forest_end_3,
          infiniplex_forest_straight_5, infiniplex_forest_clump_long,
          infiniplex_forest_lined_3, hangedman_glass_teeth
D:2:      layout_basic, hangedman_decor_points, kennysheep_big_empty_room,
          uniq_robin, uniq_sigmund
D:3:      layout_loops_ring, grunt_temple_overflow_cloverleaf, serial_aquarium,
          aquarium_bridge_island_small [aquarium_subvault_small_water,
          aquarium_subvault_wall, aquarium_subvault_bridge,
          aquarium_subvault_bridge, aquarium_subvault_bridge],
          aquarium_window_1, aquarium_window_corridor_1, aquarium_window_fake,
          aquarium_view_2f, aquarium_pool_split, basic_ecumenical_altar,
          dreamdust_princess_bridge, minivault_25, uniq_jessica, uniq_grinder,
          uniq_natasha
D:4:      layout_loops_cross, st_stairs_13, uniq_blork_the_orc
D:5:      layout_basic, gammafunk_ghost_cemetery, minmay_misc_feat_nine_boxes,
          uniq_pikel
D:6:      layout_rooms, nicolae_ossuary_entry_false_entrances, serial_bayou,
          serial_bayou_lagoon_a, serial_bayou_lagoon_b, serial_bayou_ford_a,
          serial_bayou_crossing, serial_bayou_shore_a, serial_shops, shop,
          grunt_ministairs_4
D:7:      layout_basic, old_standard_altar, marbit_many_paths,
          lemuel_doored_altar, minmay_temple_entry_trees, serial_shops,
          nicolae_shop_statue_plus
D:8:      layout_loops_ring
D:9:      layout_cross, dpeg_oklobed_lair
D:10:     layout_long_grid
D:11:     layout_loops_corners, minmay_orc_entry_guard_dogs,
          nicolae_trove_entry_diagonal
D:12:     layout_basic, minivault_8, uniq_lodul, uniq_maurice
D:13:     layout_basic, david_vaults_2, uniq_sonja, uniq_frances, uniq_kirke
Temple:   regret_index_temple_waves

Skill      XL: |  1  2  3  4  5  6  7  8  9 10 11 12 13 |
---------------+----------------------------------------+-----
Armour         | 2 3 4 5 6 7 8 |  8.1
Dodging        | 1 2 3 4 5 7 |  7.9
Evocations     | 1 2 3 4 5 6 7 |  7.4
Polearms       | 1 2 3 4 5 |  5.4
Stealth        | 1 2 3 4 5 |  5.3
Alchemy        | 1 2 3 4 5 6 |  6.1
Fighting       | 4 5 6 7 8 9 |  9.2
Axes           | 4 5 6 7 8 9 |  9.3
Spellcasting   | 1 2 3 4 |  4.5
Summonings     | 2 |  2.8
Necromancy     | 2 |  2.6
Translocations | 1 |  1.7

Action                     |  1- 3 |  4- 6 |  7- 9 | 10-12 | 13-15 || total
---------------------------+-------+-------+-------+-------+-------++-------
  Melee: Dagger            |    72 |    29 |    19 |       |       ||   120
         Hand axe          |    79 |    27 |   213 |   158 |       ||   477
         War axe           |       |       |   206 |   582 |    44 ||   832
  Evoke: Wand              |       |       |     6 |    16 |     6 ||    28
         Lightning rod     |       |       |       |     6 |     1 ||     7
         Box of beasts     |       |       |       |       |     1 ||     1
    Use: Potion            |     2 |       |     5 |    13 |     2 ||    22
         Scroll            |     1 |     3 |    12 |    13 |     4 ||    33
   Stab: Confused          |       |     2 |     3 |     2 |       ||     7
         Sleeping          |       |     1 |     5 |     3 |       ||     9
         Paralysed         |       |       |     2 |     9 |       ||    11
         Petrifying        |       |       |     1 |     2 |       ||     3
         Invisible         |       |       |       |    10 |       ||    10
         Held in net/web   |       |       |       |     1 |       ||     1
         Distracted        |       |       |       |     1 |       ||     1
 Armour: Leather armour    |    53 |    14 |       |       |       ||    67
         Robe              |       |       |   165 |    86 |       ||   251
         Skin              |       |       |    21 |       |       ||    21
         Chain mail        |       |       |       |   439 |   158 ||   597
  Dodge: Dodged            |    49 |    16 |   154 |   360 |    74 ||   653
  Block: Other             |       |       |    23 |       |       ||    23

Table legend: (Time is in decaauts)
 A = Elapsed time spent in this place.
 B = Non-inter-level travel time spent in this place.
 C = Inter-level travel time spent in this place.
 D = Time resting spent in this place.
 E = Time spent auto-exploring this place.
 F = Levels seen in this place.
 G = Mean time per level.
                   A        B        C        D        E       F      G
               +--------+--------+--------+--------+--------+-----+--------+
         Total |  15346 |  13707 |   1639 |   1424 |   9693 |  15 | 1023.1 |
       Dungeon |  15008 |  13370 |   1638 |   1255 |   9693 |  13 | 1154.5 |
        Temple |      1 |      1 |      0 |      0 |      0 |   1 |    1.0 |
       Ossuary |    336 |    336 |      0 |    169 |      0 |   1 |  336.0 |
               +--------+--------+--------+--------+--------+-----+--------+

Top non-repeatable levels by time:
    D:12: 1927 daAuts
     D:8: 1617 daAuts
     D:5: 1608 daAuts
     D:6: 1235 daAuts
     D:7: 1234 daAuts
    D:11: 1149 daAuts
     D:3: 1147 daAuts
     D:1: 950 daAuts
     D:2: 930 daAuts
     D:9: 876 daAuts
     D:4: 831 daAuts
    D:13: 759 daAuts
    D:10: 741 daAuts
 Ossuary: 336 daAuts
  Temple: 1 daAuts
